 Dungeon Crawl Stone Soup version 0.31-a0-986-g5e6e4ef867 (webtiles) character file.

Game seed: 13977852145181316373

10283 silenth the Fighter (level 11, -24/89 HPs)
             Began as a Djinni Fire Elementalist on Nov 24, 2023.
             Was an Elder of Makhleb.
             Annihilated by an ogre
             ... wielding a +0 giant club
             ... led by Lodul
              (27 damage)
             ... on level 10 of the Dungeon on Nov 25, 2023.
             The game lasted 00:32:38 (11682 turns).

silenth the Fighter (Djinni Fire Elementalist)     Turns: 11682, Time: 00:32:39

Health: -24/89     AC: 10    Str:  7    XL:     11   Next: 90%
Gold:   534        EV: 13    Int: 22    God:    Makhleb [****..] SH:  0 Dex: 13

rFire   + + .        c - staff of death
rCold   x . .        (no shield)
rNeg    + . .        Q - +1 robe {Will+}
rPois   ∞            v - +1 helmet
rElec   .            P - +2 cloak {Will+}
rCorr   +            r - +1 pair of gloves
SInv    .            (boots unavailable)
Will    ++++.        (no amulet)
Stlth   ++           w - ring of willpower
HPRegen 0.34/turn    M - ring of resist corrosion
MPRegen 0.00/turn

%: infuse magic (-25 HP)
@: flying
A: sickness immunity, fire resistance 2, cold vulnerability 1, float, innate
caster, HP casting, extra vitality 1
a: Renounce Religion, Minor Destruction, Lesser Servant of Makhleb, Major
Destruction


You were on level 10 of the Dungeon.
You worshipped Makhleb.
Makhleb was greatly pleased with you.
You visited 2 branches of the dungeon, and saw 11 of its levels.
You also visited: Ossuary.

You collected 707 gold pieces.
You spent 173 gold pieces at shops.

Inventory:

Hand Weapons
 j - a +2 dagger of protection
 u - a +1 dagger of speed
Missiles
 O - a throwing net
Armour
 i - a +0 cloak
 r - a +1 pair of gloves (worn)
 v - a +1 helmet (worn)
 D - a +0 buckler
 P - a +2 cloak of willpower (worn)
 Q - a +1 robe of willpower (worn)
Magical Staves
 c - a staff of death (weapon)
Jewellery
 w - a ring of willpower (left hand)
 y - a ring of ice
 M - a ring of resist corrosion (right hand)
Wands
 p - a wand of light (6)
 F - a wand of iceblast (13)
 G - a wand of flame (57)
 J - a wand of polymorph (3)
Scrolls
 d - a scroll of fear {unknown}
 f - a scroll of revelation {unknown}
 g - 4 scrolls of teleportation
 h - 2 scrolls of poison
 k - a scroll of vulnerability
 o - a scroll of fog
 s - a scroll of silence
 t - a scroll of enchant armour {unknown}
 z - a scroll of blinking {unknown}
 E - a scroll of immolation {unknown}
 K - a scroll of noise
 N - a scroll of enchant weapon {unknown}
Potions
 b - a potion of resistance
 l - 4 potions of lignification
 m - 3 potions of curing
 n - a potion of brilliance
 q - 6 potions of might
 x - a potion of invisibility
 A - 2 potions of ambrosia {unknown}
 B - a potion of mutation
 C - a potion of heal wounds
 H - a potion of magic
 I - 2 potions of haste
 L - a potion of attraction


   Skills:
 + Level 12.2 Fighting
 - Level 5.0 Dodging
 - Level 1.5 Stealth
 + Level 9.7 Spellcasting
 + Level 9.7 Conjurations
 + Level 9.7 Hexes
 + Level 9.7 Summonings
 + Level 9.7 Necromancy
 + Level 9.7 Translocations
 + Level 9.7 Transmutations
 + Level 9.7 Fire Magic
 + Level 9.7 Ice Magic
 + Level 9.7 Air Magic
 + Level 9.7 Earth Magic
 + Level 9.7 Poison Magic
 - Level 2.0 Evocations


You knew the following spells:

 Your Spells              Type           Power      Damage    Failure   Level
a - Foxfire               Conj/Fire      100%       2x1d9     1%          1
b - Scorch                Fire           100%       2d9       1%          2
c - Volatile Blastmotes   Fire/Tloc      100%       2d18      1%          3
d - Inner Flame           Hex/Fire       52%        N/A       1%          3
e - Flame Wave            Conj/Fire      52%        2d13      1%          4
f - Necrotise             Necr           100%       1d9       1%          1
g - Searing Ray           Conj           100%       2d8       1%          2
h - Poisonous Vapours     Pois/Air       100%       N/A       1%          2
i - Manifold Assault      Tloc           52%        N/A       1%          4
j - Fulminant Prism       Conj/Hex       26%        3d14      1%          4
Your spell library was empty.

Dungeon Overview and Level Annotations

Branches:
Dungeon (10/15)            Temple (1/1) D:4            Lair (0/5) D:9
Ossuary (visited)
    Orc: D:9-12

Altars:
Ashenzari
Cheibriados
Dithmenos
Elyvilon
Fedhas
Gozag
Hepliaklqana
Makhleb
Nemelex Xobeh
Okawaru
Qazlal
Ru
Trog
Uskayaw
Wu Jian
Xom
Yredelemnul
Zin
The Shining One

Shops:
D:1 *

Annotations:
D:3 dig for scroll of ID
D:10 Lodul


Innate Abilities, Weirdness & Mutations

You are immune to sickness and miasma.
You are immune to poison.
Your flesh is very heat resistant. (rF++)
You are vulnerable to cold. (rC-)
You float through the air rather than walking.
You learn spells naturally, not from books.
Your magical power is your life essence.
You have superior vitality. (+4 MHP)


Message History

You conjure a prism of explosive energy!
A fulminant prism comes into view.
An ogre comes into view. It is wielding a +0 giant spiked club.
Casting: Fulminant Prism (mildly dangerous; 1% risk of failure)
Confirm with . or Enter, or press ? or * to list all spells.
Flames lash the ogre.
The ogre is heavily wounded.
The ogre's fire resistance burns away.
Your fulminant prism crackles loudly.
Casting: Scorch (safe; 1% risk of failure)
Confirm with . or Enter, or press ? or * to list all spells.
Flames lash the ogre.
The ogre is burned terribly!
The ogre is almost dead.
You hear a shout! x2
An ogre comes into view. It is wielding a +0 giant club.
Your fulminant prism explodes!
The blast of energy engulfs the ogre!
The ogre is heavily wounded.
The blast of energy engulfs the ogre!
The ogre is heavily wounded.
The blast of energy engulfs Lodul!
Lodul is moderately wounded.
You hear a shout!
Casting: Scorch (safe; 1% risk of failure)
Confirm with . or Enter, or press ? or * to list all spells.
Okay, then.
Electricity crackles from Lodul's apparatus.
The bolt of lightning hits you!!
Electricity crackles from Lodul's apparatus.
The bolt of lightning misses you. The ogre attacks as it pursues you!
The ogre misses you.
An ogre comes into view. It is wielding a +0 giant spiked club.
Electricity crackles from Lodul's apparatus.
The bolt of lightning hits you!!
* * * LOW HITPOINT WARNING * * *
Electricity crackles from Lodul's apparatus.
The bolt of lightning hits you!!
* * * LOW HITPOINT WARNING * * *
The ogre hits you with a +0 giant club!!
You die...

....▒▒..........▒▒......####
.......)..##...............#
##......######......O......#
##.##### #.......OO....#
###..#########......>.?....#
..............[...O...)....#
####.#########<...O........#
#.# #...O.........# #.###
#..@.......[..# #...##
##.############ ###..#
#..### ##.# ##...#
######.### ####'######
##...)....# #.........#
..........### #.........#
##..........###.........#
#........#..##.........#


You could see Lodul and 5 ogres.

Vanquished Creatures
  A two-headed ogre (D:10)
  3 oklob plants (D:8)
  Maurice (D:8)
  An unseen horror (D:6)
  3 komodo dragons (D:9)
  A troll (D:9)
  A hornet (D:10)
  A glass eye (D:8)
  Grinder (D:5)
  A vampire (D:9)
  15 yaks
  Menkaure (D:5)
  3 water moccasins
  Duvessa (D:6)
  An ice beast (D:7)
  A sky beast (D:6)
  2 black bears
  3 centaurs
  A phantom (D:6)
  2 kobold brigands
  A gnoll sergeant (D:6)
  4 bullfrogs
  7 scorpions
  4 wights (D:9)
  Dowan (D:6)
  9 killer bees
  2 howler monkeys (D:9)
  3 hounds
  8 orc priests
  Crazy Yiuf (D:5)
  A gnoll bouda (D:6)
  4 iguanas
  A sleepcap (D:6)
  9 orc wizards
  8 mummies (Ossuary)
  Robin (D:2)
  14 gnolls
  11 adders
  A shadow imp (D:6)
  2 white imps
  2 ufetubi (D:7)
  22 orcs
  4 ball pythons
  14 bats
  7 endoplasms
  2 giant cockroaches (D:4)
  A gnoll zombie (Ossuary)
  15 goblins
  8 hobgoblins
  3 jackals (D:2)
  15 kobolds
  3 quokkas (D:4)
  7 frilled lizards
  3 hobgoblin zombies (Ossuary)
  A kobold zombie (Ossuary)
  3 orc zombies (Ossuary)
  4 rats
  A foxfire (D:8)
  4 fulminant prisms (D:8)
255 creatures vanquished.

Vanquished Creatures (collateral kills)
  A foxfire (D:8)
1 creature vanquished.

Vanquished Creatures (others)
  A gnoll bouda (D:8)
  272 foxfires
  22 fulminant prisms
295 creatures vanquished.

Grand Total: 551 creatures vanquished

Notes
Turn   | Place    | Note
-------+----------+-------------------------------------------
     0 | D:1      | Reached skill level 3 in Spellcasting
     0 | D:1      | Reached skill level 3 in Conjurations
     0 | D:1      | Reached skill level 3 in Hexes
     0 | D:1      | Reached skill level 3 in Summonings
     0 | D:1      | Reached skill level 3 in Necromancy
     0 | D:1      | Reached skill level 3 in Translocations
     0 | D:1      | Reached skill level 3 in Transmutations
     0 | D:1      | Reached skill level 3 in Fire Magic
     0 | D:1      | Reached skill level 3 in Ice Magic
     0 | D:1      | Reached skill level 3 in Air Magic
     0 | D:1      | Reached skill level 3 in Earth Magic
     0 | D:1      | Reached skill level 3 in Poison Magic
     0 | D:1      | silenth the Djinni Fire Elementalist began the quest for
                  | the Orb.
     0 | D:1      | silenth set off with the following spells memorised:
                  | Foxfire, Scorch, Volatile Blastmotes, Inner Flame, Flame
                  | Wave.
     0 | D:1      | Reached XP level 1. HP: 15/15 MP: 0/0
   237 | D:1      | Reached XP level 2. HP: 14/22 MP: 0/0
   412 | D:1      | Reached skill level 1 in Fighting
   471 | D:1      | Found Torruuw's Assorted Antiques.
   953 | D:2      | Reached XP level 3. HP: 22/27 MP: 0/0
   953 | D:2      | Learned a level 1 spell: Necrotise
  1272 | D:2      | Noticed Robin
  1308 | D:2      | Reached skill level 2 in Fighting
  1319 | D:2      | Killed Robin
  1320 | D:2      | Reached XP level 4. HP: 22/33 MP: 0/0
  2535 | D:4      | Noticed a scorpion
  2547 | D:4      | Killed a scorpion
  2548 | D:4      | Reached skill level 3 in Fighting
  2548 | D:4      | Reached XP level 5. HP: 17/40 MP: 0/0
  2548 | D:4      | Learned a level 2 spell: Searing Ray
  2682 | D:1      | Bought a jewelled brass wand for 88 gold pieces
  2682 | D:1      | Bought a scroll labelled QUTOIN TUHODEA for 22 gold pieces
  2682 | D:1      | Bought a scroll of identify for 44 gold pieces
  2682 | D:1      | Bought a murky purple potion for 19 gold pieces
  2910 | D:4      | Reached skill level 4 in Spellcasting
  2910 | D:4      | Reached skill level 4 in Conjurations
  2910 | D:4      | Reached skill level 4 in Hexes
  2910 | D:4      | Reached skill level 4 in Summonings
  2910 | D:4      | Reached skill level 4 in Necromancy
  2910 | D:4      | Reached skill level 4 in Translocations
  2910 | D:4      | Reached skill level 4 in Transmutations
  2910 | D:4      | Reached skill level 4 in Fire Magic
  2910 | D:4      | Reached skill level 4 in Ice Magic
  2910 | D:4      | Reached skill level 4 in Air Magic
  2910 | D:4      | Reached skill level 4 in Earth Magic
  2910 | D:4      | Reached skill level 4 in Poison Magic
  2956 | D:4      | Found a shadowy altar of Dithmenos.
  3073 | D:4      | Reached XP level 6. HP: 38/46 MP: 0/0
  3275 | D:4      | Found a basalt altar of Yredelemnul.
  3284 | D:4      | Reached skill level 4 in Fighting
  3284 | D:4      | Found a sacrificial altar of Ru.
  3385 | D:4      | Found a staircase to the Ecumenical Temple.
  3445 | Temple   | Entered the Ecumenical Temple
  3483 | Temple   | Became a worshipper of Makhleb the Destroyer
  3802 | D:5      | Entered Level 5 of the Dungeon
  3834 | D:5      | Noticed Menkaure
  3856 | D:5      | Killed Menkaure
  3857 | D:5      | Reached XP level 7. HP: 37/53 MP: 0/0
  3857 | D:5      | Learned a level 2 spell: Poisonous Vapours
  3999 | D:5      | Noticed a water moccasin
  4004 | D:5      | Killed a water moccasin
  4005 | D:5      | Reached skill level 5 in Fighting
  4013 | D:5      | Reached skill level 5 in Spellcasting
  4013 | D:5      | Reached skill level 5 in Conjurations
  4013 | D:5      | Reached skill level 5 in Hexes
  4013 | D:5      | Reached skill level 5 in Summonings
  4013 | D:5      | Reached skill level 5 in Necromancy
  4013 | D:5      | Reached skill level 5 in Translocations
  4013 | D:5      | Reached skill level 5 in Transmutations
  4013 | D:5      | Reached skill level 5 in Fire Magic
  4013 | D:5      | Reached skill level 5 in Ice Magic
  4013 | D:5      | Reached skill level 5 in Air Magic
  4013 | D:5      | Reached skill level 5 in Earth Magic
  4013 | D:5      | Reached skill level 5 in Poison Magic
  4080 | D:5      | Found a runed translucent door.
  4081 | D:5      | Noticed Crazy Yiuf
  4086 | D:5      | Killed Crazy Yiuf
  4169 | D:5      | Reached XP level 8. HP: 52/60 MP: 0/0
  4257 | D:5      | Reached skill level 3 in Dodging
  4308 | D:5      | Reached skill level 6 in Fighting
  4315 | D:5      | Noticed Grinder
  4322 | D:5      | Paralysed by Grinder for 2 turns
  4327 | D:5      | Killed Grinder
  4328 | D:5      | Reached skill level 4 in Dodging
  4770 | D:6      | Killed an unseen horror
  4771 | D:6      | Reached skill level 1 in Evocations
  4771 | D:6      | Reached XP level 9. HP: 21/67 MP: 0/0
  4771 | D:6      | Learned a level 4 spell: Manifold Assault
  4941 | D:6      | Reached skill level 2 in Evocations
  4963 | D:6      | Reached skill level 5 in Dodging
  5082 | D:6      | You are sucked into a shaft and drop 2 floors!
  5099 | D:7      | Reached skill level 7 in Fighting
  5133 | D:7      | Reached skill level 6 in Spellcasting
  5133 | D:7      | Reached skill level 6 in Conjurations
  5133 | D:7      | Reached skill level 6 in Hexes
  5133 | D:7      | Reached skill level 6 in Summonings
  5133 | D:7      | Reached skill level 6 in Necromancy
  5133 | D:7      | Reached skill level 6 in Translocations
  5133 | D:7      | Reached skill level 6 in Transmutations
  5133 | D:7      | Reached skill level 6 in Fire Magic
  5133 | D:7      | Reached skill level 6 in Ice Magic
  5133 | D:7      | Reached skill level 6 in Air Magic
  5133 | D:7      | Reached skill level 6 in Earth Magic
  5133 | D:7      | Reached skill level 6 in Poison Magic
  5142 | D:7      | Reached * piety under Makhleb
  5298 | D:7      | Reached skill level 8 in Fighting
  5584 | D:7      | Reached ** piety under Makhleb
  5652 | D:7      | Found a sand-covered staircase.
  5656 | Ossuary  | Entered an ossuary
  6541 | D:6      | Reached skill level 7 in Spellcasting
  6541 | D:6      | Reached skill level 7 in Conjurations
  6541 | D:6      | Reached skill level 7 in Hexes
  6541 | D:6      | Reached skill level 7 in Summonings
  6541 | D:6      | Reached skill level 7 in Necromancy
  6541 | D:6      | Reached skill level 7 in Translocations
  6541 | D:6      | Reached skill level 7 in Transmutations
  6541 | D:6      | Reached skill level 7 in Fire Magic
  6541 | D:6      | Reached skill level 7 in Ice Magic
  6541 | D:6      | Reached skill level 7 in Air Magic
  6541 | D:6      | Reached skill level 7 in Earth Magic
  6541 | D:6      | Reached skill level 7 in Poison Magic
  6652 | D:6      | Reached XP level 10. HP: 74/77 MP: 0/0
  6922 | D:6      | Reached skill level 9 in Fighting
  7080 | D:6      | Noticed Dowan
  7084 | D:6      | Noticed Duvessa
  7088 | D:6      | Killed Dowan
  7089 | D:6      | Killed Duvessa
  7450 | D:8      | Reached *** piety under Makhleb
  7467 | D:8      | HP: 5/80 [yak (14)]
  7468 | D:8      | HP: 2/80 [yak (3)]
  7470 | D:8      | Reached skill level 8 in Spellcasting
  7470 | D:8      | Reached skill level 8 in Conjurations
  7470 | D:8      | Reached skill level 8 in Hexes
  7470 | D:8      | Reached skill level 8 in Summonings
  7470 | D:8      | Reached skill level 8 in Necromancy
  7470 | D:8      | Reached skill level 8 in Translocations
  7470 | D:8      | Reached skill level 8 in Transmutations
  7470 | D:8      | Reached skill level 8 in Fire Magic
  7470 | D:8      | Reached skill level 8 in Ice Magic
  7470 | D:8      | Reached skill level 8 in Air Magic
  7470 | D:8      | Reached skill level 8 in Earth Magic
  7470 | D:8      | Reached skill level 8 in Poison Magic
  7818 | D:8      | Reached skill level 10 in Fighting
  8000 | D:8      | Noticed Maurice
  8019 | D:8      | Killed Maurice
  8228 | D:8      | Noticed an oklob plant
  8304 | D:8      | Noticed an oklob plant
  8313 | D:8      | Reached XP level 11. HP: 84/86 MP: 0/0
  8313 | D:8      | Learned a level 4 spell: Fulminant Prism
  8577 | D:8      | Noticed an oklob plant
  8616 | D:8      | HP: 8/86 [oklob plant/splash of acid (14)]
  8617 | D:8      | Killed an oklob plant
  8830 | D:8      | Killed an oklob plant
  8831 | D:8      | Reached skill level 11 in Fighting
  9221 | D:8      | Killed an oklob plant
  9449 | D:9      | Reached skill level 9 in Spellcasting
  9449 | D:9      | Reached skill level 9 in Conjurations
  9449 | D:9      | Reached skill level 9 in Hexes
  9449 | D:9      | Reached skill level 9 in Summonings
  9449 | D:9      | Reached skill level 9 in Necromancy
  9449 | D:9      | Reached skill level 9 in Translocations
  9449 | D:9      | Reached skill level 9 in Transmutations
  9449 | D:9      | Reached skill level 9 in Fire Magic
  9449 | D:9      | Reached skill level 9 in Ice Magic
  9449 | D:9      | Reached skill level 9 in Air Magic
  9449 | D:9      | Reached skill level 9 in Earth Magic
  9449 | D:9      | Reached skill level 9 in Poison Magic
 10728 | D:9      | Found a staircase to the Lair.
 10734 | D:9      | Reached skill level 12 in Fighting
 11102 | D:10     | Entered Level 10 of the Dungeon
 11217 | D:10     | Reached **** piety under Makhleb
 11492 | D:10     | Noticed a two-headed ogre
 11671 | D:10     | Killed a two-headed ogre
 11673 | D:10     | Noticed Lodul
 11682 | D:10     | HP: 3/89 [Lodul/bolt of lightning (23)]
 11682 | D:10     | Annihilated by an ogre

Illustrated notes

Levels and vault maps discovered:
D:1:      dpeg_arrival_ternary, layout_loops_corners, serial_shops,
          nicolae_shop_gibbet_a_chance
D:2:      layout_loops_ring, uniq_robin
D:3:      layout_loops_cross, serial_co_window_serial, co_window_paths_a,
          co_window_paths_a, co_window_corner_a, co_window_paths_a,
          co_window_of_opportunity_a, co_window_cross_3, co_window_corner_b,
          co_window_of_opportunity_b, glass_columns_b, glass_columns_b,
          glass_columns_a, glass_columns_c, serial_bayou_pond_e, minivault_4,
          minmay_statues_item
D:4:      layout_basic, nicolae_dithmenos_shadow_blocks,
          mainiacjoe_overflow_divided_tiny, minmay_temple_entry_gardened_gates,
          minmay_strange_pillars
D:5:      layout_cave_pools, uniq_grinder, uniq_crazy_yiuf_cottage,
          uniq_menkaure
D:6:      layout_loops_corners, minmay_strange_pillars,
          small_statue_intersection, uniq_duvessa
D:7:      layout_basic, nicolae_ossuary_entry_false_entrances, roderic_batcave
D:8:      layout_loops_ring, disabler_island, uniq_maurice
D:9:      layout_stronghold, grunt_lair_entry_orc_guard_hut
D:10:     layout_roguey, orc_0_dummy, nicolae_two_hexagons, uniq_lodul
Temple:   compressed_dpeg_triangle_lava_temple

Skill      XL: |  1  2  3  4  5  6  7  8  9 10 11 |
---------------+----------------------------------+-----
Spellcasting   | 4 5 7 8 9 |  9.7
Conjurations   | 4 5 7 8 9 |  9.7
Hexes          | 4 5 7 8 9 |  9.7
Summonings     | 4 5 7 8 9 |  9.7
Necromancy     | 4 5 7 8 9 |  9.7
Translocations | 4 5 7 8 9 |  9.7
Transmutations | 4 5 7 8 9 |  9.7
Fire Magic     | 4 5 7 8 9 |  9.7
Ice Magic      | 4 5 7 8 9 |  9.7
Air Magic      | 4 5 7 8 9 |  9.7
Earth Magic    | 4 5 7 8 9 |  9.7
Poison Magic   | 4 5 7 8 9 |  9.7
Fighting       | 1 2 3 4 5 6 8 10 12 | 12.2
Dodging        | 4 5 |  5.0
Evocations     | 1 2 |  2.0
Stealth        | |  1.5

Action                     |  1- 3 |  4- 6 |  7- 9 | 10-12 || total
---------------------------+-------+-------+-------+-------++-------
  Melee: Staff             |    19 |    31 |    15 |     6 ||    71
         Unarmed           |     1 |       |       |       ||     1
   Cast: Foxfire           |    46 |    44 |    61 |    37 ||   188
         Scorch            |       |    26 |    90 |   141 ||   257
         Necrotise         |       |    14 |       |       ||    14
         Poisonous Vapours |       |       |     3 |     4 ||     7
         Volatile Blastmot |       |       |     4 |     4 ||     8
         Flame Wave        |       |       |     4 |     7 ||    11
         Fulminant Prism   |       |       |       |    27 ||    27
         Manifold Assault  |       |       |       |     2 ||     2
  Evoke: Wand              |       |       |     3 |     5 ||     8
    Use: Scroll            |       |    11 |     5 |     4 ||    20
 Armour: Robe              |    21 |    33 |    57 |    80 ||   191
  Dodge: Dodged            |    25 |    35 |    50 |    72 ||   182

Table legend: (Time is in decaauts)
 A = Elapsed time spent in this place.
 B = Non-inter-level travel time spent in this place.
 C = Inter-level travel time spent in this place.
 D = Time resting spent in this place.
 E = Time spent auto-exploring this place.
 F = Levels seen in this place.
 G = Mean time per level.
                   A        B        C        D        E       F      G
               +--------+--------+--------+--------+--------+-----+--------+
         Total |  11699 |  11108 |    591 |   2774 |   6115 |  12 |  974.9 |
       Dungeon |  11336 |  10764 |    572 |   2701 |   6030 |  10 | 1133.6 |
        Temple |     57 |     39 |     18 |      0 |      0 |   1 |   57.0 |
       Ossuary |    304 |    304 |      0 |     73 |     85 |   1 |  304.0 |
               +--------+--------+--------+--------+--------+-----+--------+

Top non-repeatable levels by time:
     D:8: 2463 daAuts
     D:9: 1593 daAuts
     D:6: 1368 daAuts
     D:4: 1087 daAuts
     D:1: 994 daAuts
     D:7: 990 daAuts
     D:3: 967 daAuts
     D:5: 728 daAuts
     D:2: 722 daAuts
    D:10: 421 daAuts
 Ossuary: 304 daAuts
  Temple: 57 daAuts
